AoeStats
← IsraDguez

Yucatan

510639924Analyzed
2v2 RM · 1d ago on Oct 1, 2026· 45m 8s· 4 players
Game mode
Random Map
Map size
Medium (4 player)
Population
200
Speed
Normal
Resources
Standard
Victory
Conquest
Starting age
Dark Age
Ending age
Imperial Age
RankedLock teamsTeams togetherTeam positionsShared explorationLock speedFull tech treeHidden civsTurbo modeCheats
Victory
Defeat
🇺🇸 Ethiopians · United States
1266
+10
🇺🇸 Slavs · United States
1099
+26
🇲🇽 Varangians · Mexico
1130
-14
🇲🇽 Maya · Mexico
1100
-12
Klaleus
6:49 Loom
9:55 Feudal Age
10:25 Double-Bit Axe
13:20 Fletching
22:34 Castle Age
20:45 Padded Archer Armor
20:32 Horse Collar
23:22 Wheelbarrow
23:11 Bodkin Arrow
23:39 Bow Saw
23:20 Crossbowman
25:47 Thumb Ring
27:10 Gold Mining
27:11 Stone Mining
28:19 Leather Archer Armor
28:27 Heavy Plow
33:39 Ballistics
36:30 Imperial Age
34:16 Hand Cart
34:20 Hand Cart
33:53 Town Watch
34:27 Forging
34:17 Scale Mail Armor
36:36 Iron Casting
36:16 Chain Mail Armor
36:53 Arbalester
39:18 Plate Mail Armor
38:49 Bracer
41:13 Masonry
42:06 Chemistry
42:04 Town Patrol
42:05 Elite Shotel Warrior
43:56 Conscription
neonepidemic
9:47 Loom
11:43 Feudal Age
16:49 Castle Age
16:56 Scale Barding Armor
17:36 Double-Bit Axe
20:20 Forging
25:24 Bow Saw
26:31 Fletching
27:48 Wheelbarrow
29:16 Horse Collar
32:44 Bloodlines
33:51 Husbandry
34:25 Hand Cart
34:34 Chain Barding Armor
34:07 Gold Mining
36:05 Iron Casting
36:23 Detinets
41:05 Ballistics
King Dario II
1:32 Loom
9:57 Feudal Age
9:59 Man-at-Arms
10:29 Arson
17:48 Bloodlines
19:20 Forging
20:35 Scale Barding Armor
24:41 Castle Age
22:51 Double-Bit Axe
23:06 Horse Collar
25:00 Stone Mining
26:21 Bow Saw
26:15 Heavy Plow
28:26 Scale Mail Armor
29:22 Gold Mining
31:39 Gambesons
34:02 Chain Mail Armor
34:55 Stone Shaft Mining
35:17 Iron Casting
35:04 Squires
41:25 Fletching
41:35 Padded Archer Armor
44:10 Bodkin Arrow
45:21 Leather Archer Armor
IsraDguez
0:26 Loom
10:36 Feudal Age
13:34 Scale Mail Armor
15:40 Forging
21:46 Castle Age
19:42 Fletching
20:47 Gold Mining
22:59 Squires
23:30 Chain Mail Armor
24:03 Iron Casting
23:22 Double-Bit Axe
25:04 Elite Skirmisher
25:44 Bodkin Arrow
26:49 Eagle Warrior
30:48 Pikeman
37:38 Imperial Age
37:09 Padded Archer Armor
40:12 Thumb Ring
41:15 Bracer
40:47 Crossbowman
42:08 Leather Archer Armor
43:50 Plate Mail Armor
Connection lost

Rejoining the realm…

Still unreachable

The connection could not be restored.

Session expired

The server has moved on; the page needs a fresh start.